Map: Data-C

Players

Galaxy

  • Race: Terran Terran
  • League: Bronze
  • Spawn Location: 3:00

WAZPINATOR - Winner!

  • Race: Zerg Zerg
  • League: Diamond
  • Spawn Location: 9:00

VOD

Have the link to the VOD?

Description

Time

  • Played on: Aug. 4, 2022, 12:18 a.m.
  • Length: 10:42
Show
View Real Time Build Order
Export as new Build Order

Galaxy Terran 

Build Orders: Reaper Expand 

Get SALT Encoding   

  12  0:02  SCV  
  13  0:14  SCV  
  14  0:23  Supply Depot  
  14  0:26  SCV  
  15  0:45  SCV  
  15  0:47  Barracks  
  16  0:50  Refinery  
  17  0:57  SCV  
  17  1:10  SCV  
  18  1:22  SCV  
  19  1:35  Orbital Command  
  19  1:38  Reaper  
  20  1:40  Supply Depot  
  20  2:01  Command Center, SCV  
  21  2:12  Barracks Reactor  
  21  2:15  SCV  
  22  2:29  Factory  
  22  2:32  SCV  
  23  2:44  SCV  
  24  2:56  SCV  
  24  3:08  SCV  
  25  3:14  Starport  
  25  3:20  Barracks Tech Lab  
  25  3:21  SCV  
  26  3:28  Hellion  
  26  3:29  Hellion  
  30  3:36  Barracks  
  30  3:39  SCV, Barracks  
  31  3:51  SCV  
  31  3:52  Hellion x2  
  36  3:57  Orbital Command  
  36  4:03  SCV  
  36  4:09  Barracks Tech Lab  
  37  4:11  Medivac  
  37  4:15  SCV  
  39  4:25  Barracks Reactor  
  39  4:27  SCV x2  
  41  4:35  Marine  
  42  4:44  Supply Depot, Marine  
  39  4:53  Marine  
  39  4:57  Hellion x2  
  40  5:02  Marine  
  40  5:06  Marine x2  
  42  5:10  Marine  
  42  5:12  Medivac  
  38  5:15  Orbital Command  
  38  5:18  Hellion  
  38  5:19  Hellion, Marine  
  39  5:23  Marine  
  39  5:28  SCV  
  35  5:40  SCV  
  35  5:41  Marine x3  
  39  5:53  Siege Tank  
  39  5:56  SCV x2  
  44  5:59  Marine x3  
  44  6:01  Refinery  
  47  6:06  Marine  
  47  6:08  SCV x2  
  50  6:14  Marine  
  50  6:17  Marine x2  
  53  6:19  Supply Depot  
  53  6:20  SCV x2  
  53  6:22  Marine  
  56  6:33  SCV x2  
  56  6:35  Marine x4  
  62  6:40  Marine  
  62  6:41  Siege Tank  
  66  6:53  Marine x3  
  69  6:54  Marine  
  70  7:13  Stimpack  
  70  7:21  Supply Depot  
  70  7:23  SCV, Marine x3  
  70  7:30  Marine  
  70  7:42  SCV, Marine x4  
  70  7:43  Supply Depot, SCV, Siege Tank  
  79  7:49  Marine  
  80  7:52  Engineering Bay  
  80  7:55  SCV x2  
  82  8:00  Marine x3  
  71  8:06  Marine  
  71  8:07  Marine  
  71  8:09  SCV, Medivac  
  71  8:10  SCV  
  77  8:18  Marine x2  
  77  8:19  Siege Tank  
  78  8:24  Marine x2  
  78  8:25  Marine  
  75  8:29  Terran Infantry Weapons Level 1  
  73  8:34  SCV  
  73  8:35  SCV  
  73  8:36  Marine x2  
  77  8:42  Marine x2  
  77  8:43  Marine  
  80  8:53  Marine x2  
  82  9:00  Marine  
  69  9:03  Marine x2  
  69  9:09  SCV x2  
  57  9:11  Marine x2  
  57  9:12  Supply Depot  
  57  9:13  Siege Tank  
  62  9:18  Marine  
  62  9:21  Supply Depot, SCV x2, Marine x2  
  67  9:29  Marine x2  
  69  9:33  SCV  
  69  9:36  Command Center, Marine  
  71  9:39  Marine, Missile Turret  
  71  9:41  Starport Reactor  
  71  9:45  Missile Turret  
  72  9:49  Marine x2  
  74  9:57  Marine x3  
  77  10:00  Siege Tank  
  77  10:04  Supply Depot  
  80  10:07  Marine x2  
  80  10:08  Barracks  
  82  10:15  Marine  
  82  10:19  Marine x2  
Show
View Real Time Build Order
Export as new Build Order

WAZPINATOR Zerg - Winner!

Build Orders: Hatch First 

Get SALT Encoding   

  12  0:00  Drone  
  13  0:13  Overlord  
  13  0:17  Drone  
  14  0:32  Drone x2  
  14  0:35  Drone  
  17  0:53  Hatchery  
  17  0:56  Drone  
  17  1:00  Drone  
  18  1:04  Extractor  
  17  1:14  Evolution Chamber  
  17  1:15  Drone  
  17  1:26  Spawning Pool, Drone  
  17  1:32  Drone  
  18  1:41  Overlord  
  18  1:51  Drone  
  20  2:01  Drone  
  20  2:06  Drone  
  21  2:09  Zerg Melee Weapons Level 1  
  21  2:12  Drone  
  21  2:15  Queen  
  24  2:19  Drone  
  25  2:23  Queen  
  25  2:29  Overlord  
  27  2:35  Drone x2  
  29  2:43  Drone  
  30  2:47  Zergling x2  
  29  2:55  Drone x2  
  29  2:56  Metabolic Boost  
  31  3:07  Drone  
  31  3:08  Drone  
  31  3:11  Drone  
  34  3:34  Zergling x4  
  36  3:35  Zergling x2  
  36  3:36  Zergling x8  
  39  3:54  Hatchery  
  38  3:57  Drone x4  
  38  4:02  Drone  
  43  4:06  Zergling x2  
  43  4:07  Hatchery  
  42  4:18  Zergling x2  
  43  4:48  Overlord  
  43  4:49  Overlord x3  
  41  4:55  Zergling x4  
  43  5:02  Spore Crawler x2  
  43  5:03  Zergling x4  
  43  5:04  Spore Crawler  
  42  5:13  Zergling x2  
  42  5:14  Zergling x2  
  44  5:24  Zergling x4  
  43  5:32  Drone  
  43  5:33  Drone  
  42  5:41  Drone  
  42  5:42  Drone x2  
  45  5:43  Drone  
  46  5:53  Drone x5  
  46  5:54  Zergling x2  
  46  5:55  Zergling x2  
  53  6:08  Hatchery  
  53  6:09  Spore Crawler  
  51  6:19  Drone x10  
  51  6:21  Hatchery, Zergling x6  
  63  6:29  Drone x5  
  63  6:31  Zergling x2  
  69  6:40  Zergling x2  
  69  6:41  Zergling x4  
  68  6:47  Zergling x12  
  68  6:52  Zergling x12  
  80  6:59  Zergling x6  
  82  7:04  Overlord  
  82  7:06  Drone  
  83  7:15  Drone x4  
  87  7:19  Lair  
  87  7:20  Hatchery  
  81  7:31  Hatchery  
  81  7:37  Zergling x30  
  70  7:40  Hatchery, Zergling x4  
  85  7:46  Zergling x2  
  85  7:47  Zergling x10  
  91  7:52  Zergling x4  
  92  8:02  Zergling x2  
  92  8:03  Zergling x10  
  87  8:06  Drone x3  
  87  8:08  Zergling x2  
  91  8:18  Zergling x2  
  91  8:19  Zergling x10  
  97  8:24  Drone x2  
  98  8:30  Drone x5  
  98  8:33  Zergling x2  
  104  8:35  Drone x2  
  104  8:36  Drone  
  104  8:38  Drone  
  104  8:39  Drone  
  110  8:41  Drone  
  110  8:46  Hatchery  
  111  8:48  Drone x6  
  111  8:51  Hatchery  
  111  8:52  Drone x2  
  113  8:58  Zergling x8  
  113  9:01  Zergling x2  
  97  9:03  Zergling x2  
  97  9:04  Zergling x4  
  97  9:09  Drone x4  
  101  9:10  Drone x2  
  101  9:12  Drone  
  104  9:21  Drone x6  
  104  9:22  Drone  
  111  9:25  Hatchery  
  111  9:28  Drone x8  
  118  9:32  Zergling x6  
  118  9:33  Hatchery  
  118  9:35  Drone x2  
  118  9:37  Drone x2  
  124  9:43  Extractor  
  124  9:45  Extractor  
  122  9:46  Extractor  
  122  9:48  Extractor  
  122  9:49  Extractor  
  119  9:54  Zergling x14  
  119  9:56  Overlord x2  
  119  9:58  Zergling x12  
  132  10:02  Zergling x12  
  138  10:15  Zergling x30  
  138  10:17  Zergling x4  
  154  10:26  Drone  
  154  10:28  Hatchery  
  153  10:31  Hatchery  
Tags
 
Add a new tag
Caveats
  • Supply blocks, unpowered buildings, or Contaminate may cause inaccurate times.
  • Supply counts are checked every 10 seconds.